 Dungeon Crawl Stone Soup version 0.19-a0-139-gefc6d61 (webtiles) character file.

573624 seren the Wrestler (level 27, 0/259 HPs)
             Began as a Ghoul Monk on May 4, 2016.
             Was an Elder of Kikubaaqudgha.
             Splashed by an acid blob's acid (7 damage)
             ... created by the Royal Jelly
             ... on level 6 of the Pits of Slime on May 17, 2016.
             The game lasted 18:17:26 (119630 turns).

seren the Wrestler (Ghoul Monk)                   Turns: 119630, Time: 18:17:27

Health: 0/259      AC: 11    Str: 21      XL:     27
Magic:  17/38      EV: 19    Int:  8      God:    Kikubaaqudgha [****..]
Gold:   3800       SH:  6    Dex: 17 (18) Spells: 12 memorised, 4 levels left

rFire  + + .     SeeInvis .       - Unarmed
rCold  + + .     Gourm    .     s - +1 fire dragon armour
rNeg   + + +     Faith    .     Q - +0 buckler {AC+3}
rPois  ∞         Spirit   .     B - +1 hat {MR+}
rElec  .         Dismiss  .     p - +2 cloak
rCorr  +         Reflect  .     V - +1 pair of gloves {Dex+3}
SustAt .         Harm     .     x - +2 pair of boots
MR     +++..                    O - amulet of regeneration
Stlth  ++........               a - ring of Amorality {Wiz rC++}
                                C - ring of resist corrosion

@: about to teleport, corroded, rotting, extremely resistant to hostile
enchantments, unstealthy
A: rotting body, claws 1, carnivore 3, cold resistance 1, negative energy
resistance 3, slow regeneration 1, torment resistance, unbreathing
a: Receive Corpses, Renounce Religion
}: 2/15 runes: decaying, gossamer


You were on level 6 of the Pits of Slime.
You worshipped Kikubaaqudgha.
Kikubaaqudgha was greatly pleased with you.
You were not hungry.

You visited 12 branches of the dungeon, and saw 56 of its levels.
You visited the Abyss 4 times.

You collected 7620 gold pieces.
You spent 3820 gold pieces at shops.

Inventory:

Missiles
 D - a throwing net (quivered)
Armour
 p - a +2 cloak (worn)
 s - a +1 fire dragon armour (worn)
 t - a +6 pearl dragon armour
 x - a +2 pair of boots (worn)
 y - a +1 buckler of reflection
 B - a +1 hat of magic resistance (worn)
 Q - a +0 buckler of protection (worn)
 V - a +1 pair of gloves of dexterity (worn)
Jewellery
 a - the ring of Amorality (right hand) {Wiz rC++}
   (You bought it in a shop on level 5 of the Depths)

   [ring of wizardry]

   It improves your spell success rate.
   It greatly protects you from cold.
 c - an uncursed ring of protection from magic
 d - the ring "Uxzue" {Wiz rElec rPois Int+2 SInv}
   (You found it on level 1 of the Crypt)

   [ring of wizardry]

   It improves your spell success rate.
   It affects your intelligence (+2).
   It insulates you from electricity.
   It protects you from poison.
   It lets you see invisible.
 i - a +3 amulet of reflection
 m - the ring "Polygim" {SustAt rF+ rN+}
   (You took it off a deep elf sorcerer on level 3 of the Elven Halls)

   [ring of sustain attributes]

   It sustains your strength, intelligence and dexterity.
   It protects you from fire.
   It protects you from negative energy.
 z - an uncursed ring of protection from fire
 C - a ring of resist corrosion (left hand)
 O - an amulet of regeneration (around neck)
 Y - the ring of Ucsoveh {MR+ Str+4 Dex+3}
   (You took it off a deep elf mage on level 3 of the Elven Halls)

   [ring of protection from magic]

   It affects your strength (+4).
   It affects your dexterity (+3).
   It affects your resistance to hostile enchantments.
Wands
 l - a wand of disintegration (6/24)
 n - a wand of teleportation (5/9)
 u - a wand of digging (3/24)
 w - a wand of paralysis (10/24)
 A - a wand of flame (16/48)
 I - a wand of heal wounds (6/9)
 L - a wand of heal wounds (2/9)
Scrolls
 h - a scroll of summoning
 j - 12 scrolls of fog
 k - 2 scrolls of teleportation
 o - 7 scrolls of remove curse
 E - 5 scrolls of fear
 K - 5 scrolls of magic mapping
 R - 4 scrolls of recharging
 T - 2 scrolls of silence
 W - 16 scrolls of identify
Potions
 e - 2 potions of might
 g - 11 potions of curing
 q - a potion of cancellation
 r - 2 potions of invisibility
 F - 2 potions of heal wounds
 J - 10 potions of brilliance
 M - 4 potions of magic
 S - 6 potions of flight
Miscellaneous
 v - a fan of gales
 X - a phial of floods
 Z - a box of beasts {used: 1}
Comestibles
 b - 22 meat rations
 N - a beef jerky


   Skills:
 + Level 23.5 Fighting
 - Level 13.1 Armour
 - Level 13.3 Dodging
 - Level 6.0 Stealth
 - Level 6.0 Shields
 + Level 24.0 Unarmed Combat
 - Level 12.7 Spellcasting
 - Level 5.0 Charms
 - Level 18.6 Necromancy
 - Level 3.3 Translocations
 + Level 13.4 Ice Magic
 - Level 5.0 Air Magic
 + Level 6.2 Evocations


You had 4 spell levels left.
You knew the following spells:

 Your Spells              Type           Power        Failure   Level  Hunger
a - Agony                 Necr           ####....     1%          5    #####..
b - Blink                 Tloc           N/A          4%          2    None
c - Death Channel         Necr           ####......   1%          6    #######
d - Animate Dead          Necr           N/A          1%          4    ####...
e - Cigotuvi's Embrace    Necr           ####......   1%          5    #####..
f - Swiftness             Chrm/Air       ##......     3%          2    None
g - Apportation           Tloc           ##........   4%          1    None
m - Repel Missiles        Chrm/Air       ##....       3%          2    None
r - Ozocubu's Refrigerat  Ice            ####......   9%          6    #######
s - Simulacrum            Ice/Necr       ####......   3%          6    #######
u - Dispel Undead         Necr           ####....     1%          5    #####..
v - Vampiric Draining     Necr           ####......   1%          3    ##.....


Dungeon Overview and Level Annotations

Branches:
Dungeon (15/15)            Temple (1/1) D:6            Lair (8/8) D:9
  Swamp (4/4) Lair:6       Spider (4/4) Lair:6        Slime (6/6) Lair:8
    Orc (2/2) D:12            Elf (3/3) Orc:2        Vaults (4/5) D:14
  Crypt (3/3) Vaults:3       Tomb (1/3) Crypt:3      Depths (5/5) D:15
    Zot (0/5) Depths:5

Altars:
Ashenzari
Cheibriados
Dithmenos
Elyvilon
Fedhas
Gozag
Kikubaaqudgha
Makhleb
Nemelex Xobeh
Okawaru
Pakellas
Qazlal
Sif Muna
Trog
Vehumet
Xom
Yredelemnul
Zin
The Shining One
Beogh
Jiyva

Shops:
D:8 [   D:9 (   D:15 %   Orc:1 ?   Orc:2 *[}!?   Elf:2 :   Elf:3 (
Vaults:1 (([   Depths:3 *   Depths:5 *

Portals:
Hell: Lair:8 Depths:1 Depths:2 Depths:3 Depths:4 Depths:5
Abyss: Depths:4
Pandemonium: Orc:2 Depths:3 Depths:4
Ziggurat: Depths:1

Annotations:
Spider:4 exclusion: orb spider
Slime:6 Royal Jelly
Elf:2 exclusion: 2 downstairs
Vaults:4 exclusion: 4 downstairs
Depths:3 1 exclusion


Innate Abilities, Weirdness & Mutations

Your body is rotting away.
You thrive on raw meat.
You are immune to poison.
You have sharp fingernails.
You are carnivorous and can eat meat at any time.
Your flesh is cold resistant.
You are immune to negative energy.
You regenerate slowly when monsters are visible.
You are immune to unholy pain and torment.
You can survive without breathing.


Message History

The acid blob spits acid at you. The splash of acid hits you! You resist.
* * * LOW HITPOINT WARNING * * *
The acid corrodes you!
The acid burns!
You resist.
* * * LOW HITPOINT WARNING * * *
The acid blob spits acid at you. The splash of acid hits you! You resist.
* * * LOW HITPOINT WARNING * * *
The acid burns!
You resist.
* * * LOW HITPOINT WARNING * * *
A slime creature comes into view.
The acid blob spits acid at you. The splash of acid hits you!
The acid corrodes you!
The acid burns!
You resist.
* * * LOW HITPOINT WARNING * * *
The acid blob spits acid at you. The splash of acid hits you! You resist.
* * * LOW HITPOINT WARNING * * *
The acid burns!
You resist.
You die...
Kikubaaqudgha rasps: "You have failed me!
Welcome... oblivion!"

...##.#.........G.J.........#
............................
...............JJ..........#
................JJJ.........
..............JJJJ.J.......#
...............JJJJ.......##
..............JJJJ......###
...............J........#
................@......##
.....................###
......................#
....................###
....................#
.................####
.................#
................##
...............##


You could see the Royal Jelly (inner flame), 6 acid blobs, 6 azure jellies and 6
death oozes.

Vanquished Creatures
  Mennas (Depths:4)
  Mara (Crypt:3)
  Sojobo (Crypt:1)
  2 golden dragons
  A profane servitor (Crypt:3)
  Xtahua (Crypt:2)
  A bone dragon (Crypt:3)
  Jorgrun (Crypt:3)
  9 liches
  A tentacled monstrosity (Depths:5)
  A quicksilver dragon (Depths:5)
  Asterion (Elf:2)
  A titan (Depths:3)
  5 deep elf blademasters
  2 deep elf master archers (Elf:1)
  2 ancient champions
  A tentacled starspawn (Abyss:2)
  25 acid blobs
  3 sphinxes
  A shadow dragon (Depths:5)
  A thorn hunter (Swamp:3)
  A death cob (Lair:8)
  The ghost of ololoev the Fencer, an adept MiFi of Okawaru (Depths:2)
  6 tengu reavers
  3 revenants
  The ghost of magipi the Grappler, a journeyman TrEn of Makhleb (Spider:1)
  The ghost of ololoev the Fencer, a journeyman MiFi of Okawaru (Depths:1)
  Donald (Spider:3)
  6 fire giants
  9 frost giants
  12 azure jellies
  2 vault wardens
  An iron dragon (Depths:4)
  A juggernaut zombie (Crypt:2)
  10 deep elf sorcerers
  An orc warlord (Orc:2)
  3 emperor scorpions
  6 ghost moths
  8 deep elf elementalists
  3 curse skulls (Crypt:3)
  9 ghouls
  4 reapers (Depths:3)
  15 ironheart preservers
  A spriggan defender (Depths:1)
  2 caustic shrike skeletons
  13 very ugly things
  4 vampire knights
  13 stone giants
  5 deep elf demonologists
  2 mottled draconians (Depths:5)
  2 grey draconians (Depths:5)
  A salamander stormcaller (Vaults:2)
  4 deep elf annihilators
  Azrael (D:13)
  10 spark wasps
  2 purple draconians (Depths:5)
  14 eidola
  A merfolk javelineer (Depths:3)
  An ettin (Depths:2)
  15 deep elf death magi
  A minotaur (shapeshifter) (Elf:1)
  2 mummy priests
  9 jiangshi
  An ettin (shapeshifter) (D:14)
  2 quicksilver dragon zombies
  6 yaktaur captains
  9 death oozes
  4 rakshasas
  6 fire dragons
  3 deep elf high priests
  5 ghost crabs
  13 great orbs of eyes
  2 ghost crabs (shapeshifter)
  20 hydras
  5 ice dragons
  Fannar (Orc:1)
  A quicksilver dragon skeleton (Depths:3)
  3 entropy weavers
  2 spriggan air magi (Depths:2)
  8 centaur warriors
  A hell beast (Depths:2)
  5 death knights
  The ghost of mrath the Basher, a novice MiFi of Okawaru (D:9)
  14 ogre magi
  3 deep troll shamans
  14 alligators
  A queen ant (D:12)
  4 deep troll earth magi
  10 death yaks
  10 tengu warriors
  4 vampire magi
  6 orc high priests
  2 spriggan berserkers
  25 dancing weapons
  2 titan zombies
  7 spriggans
  An iron giant skeleton (Crypt:2)
  A titan skeleton (Depths:2)
  3 storm dragon zombies
  The ghost of Yehuk the Tortoise, a novice FoFi of Ru (D:8)
  2 fire crabs
  4 iron trolls
  2 wretched stars (Abyss:3)
  23 deep elf knights
  A fire crab (shapeshifter) (Vaults:4)
  4 soul eaters
  A shadow wraith (Vaults:2)
  A salamander mystic (Depths:5)
  28 skeletal warriors
  A ghost moth zombie (Crypt:1)
  A storm dragon skeleton (Vaults:4)
  8 giant orange brains
  A spriggan druid (Swamp:4)
  2 golden dragon zombies
  21 deep trolls
  A quicksilver dragon simulacrum (Crypt:1)
  8 unseen horrors
  A wizard (Lair:8)
  A putrid demonspawn (Orc:2)
  7 swamp dragons
  2 flayed ghosts
  18 deep elf archers
  An anaconda zombie (Crypt:3)
  A lindwurm (Lair:4)
  3 shadow dragon zombies
  15 harpies
  A wolf spider zombie (Crypt:1)
  6 hill giants
  15 necromancers
  A sphinx zombie (Depths:2)
  A golden dragon skeleton (Depths:3)
  18 orc knights
  23 phantasmal warriors
  An anaconda skeleton (Crypt:2)
  A stone giant zombie (Crypt:3)
  5 orc sorcerers
  50 deep elf magi
  4 shining eyes
  9 ironbrand convokers
  A moth of wrath (Spider:2)
  An oklob plant (Lair:8)
  2 frost giant zombies
  8 salamanders
  45 ugly things
  30 wolf spiders
  9 hornets
  A tengu skeleton (Vaults:4)
  2 manticores (D:15)
  3 sixfirhies (Orc:2)
  8 griffons
  A fire giant skeleton (Depths:3)
  A worldbinder (Abyss:2)
  2 frost giant skeletons (Depths:3)
  6 cyclopes
  A black mamba (shapeshifter) (Vaults:4)
  3 iron dragon skeletons
  A dire elephant zombie (Crypt:1)
  5 black mambas
  A shock serpent zombie (Crypt:3)
  7 elephants
  Joseph (D:7)
  A water nymph (shapeshifter) (Vaults:1)
  Maurice (D:12)
  A stone giant skeleton (Vaults:1)
  2 smoke demons
  4 eyes of devastation
  A spriggan zombie (Depths:3)
  A titan simulacrum (Depths:3)
  An orange demon (Lair:8)
  7 vault sentinels
  4 torpor snails
  19 spiny frogs
  A gargoyle (D:12)
  A spriggan skeleton (Depths:3)
  6 rime drakes
  3 kobold demonologists
  2 elf skeletons (Depths:3)
  13 komodo dragons
  9 demonic crawlers
  15 freezing wraiths
  A mottled draconian zombie (Crypt:1)
  24 yaktaurs
  3 spark wasp simulacra
  A red draconian zombie (Crypt:1)
  An ancient zyme (Abyss:3)
  A tormentor (Abyss:3)
  3 ice devils
  A hydra zombie (Crypt:1)
  A mottled draconian skeleton (Crypt:1)
  2 tengu conjurers
  3 guardian mummies
  4 hellwings
  5 trolls
  A red devil (Lair:8)
  A harpy zombie (Crypt:1)
  20 jumping spiders
  7 giant leeches
  2 polar bears
  A two-headed ogre (shapeshifter) (D:15)
  A shadow dragon simulacrum (Abyss:2)
  18 two-headed ogres
  A sphinx simulacrum (Vaults:2)
  A harpy skeleton (Crypt:1)
  6 boulder beetles
  4 raiju
  14 blink frogs
  9 bog bodies
  178 slime creatures
  Prince Ribbit (D:7)
  A fire dragon zombie (Crypt:1)
  An ice dragon zombie (Crypt:1)
  3 ushabtiu
  A frost giant simulacrum (Depths:3)
  8 large abominations
  2 black mamba zombies
  6 flying skulls
  4 air elementals
  An ettin skeleton (Vaults:1)
  3 shadows
  A centaur simulacrum (D:15)
  49 redbacks
  3 vampires
  16 tarantellas
  A redback (shapeshifter) (D:14)
  A fire dragon skeleton (Crypt:1)
  11 water elementals
  7 wyverns
  46 yaks
  3 basilisks
  A ynoxinul (Abyss:2)
  5 fire elementals
  15 wraiths
  4 fire bats
  16 golden eyes
  6 small abominations
  14 hippogriffs
  A hungry ghost (D:12)
  29 vampire mosquitoes
  A chaos spawn (Abyss:2)
  A neqoxec (Abyss:2)
  5 insubstantial wisps
  16 soldier ants (D:12)
  A faun zombie (Crypt:1)
  7 wargs
  A soldier ant (shapeshifter) (Vaults:3)
  2 mottled dragons
  25 swamp worms
  A monstrous demonspawn zombie (Crypt:1)
  An infernal demonspawn zombie (Crypt:1)
  A spiny frog zombie (Crypt:3)
  4 hell hounds
  A giant eyeball (shapeshifter) (D:15)
  9 swamp drakes
  16 water moccasins
  10 porcupines
  5 ice beasts
  60 orc warriors
  7 sky beasts
  2 snapping turtle zombies
  A human zombie (Vaults:1)
  10 eyes of draining
  11 wasps
  7 wolves
  An eye of draining (shapeshifter) (Depths:2)
  A hog zombie (Crypt:1)
  17 necrophages
  3 phantoms
  A wolf (shapeshifter) (Vaults:4)
  5 boggarts (Vaults:1)
  22 centaurs
  59 ogres
  A snapping turtle skeleton (Crypt:1)
  4 elf zombies
  8 big kobolds
  17 crocodiles
  18 giant frogs
  6 earth elementals
  A yaktaur skeleton (Vaults:1)
  4 wyvern zombies
  A water moccasin zombie (D:7)
  A hell hound skeleton (Crypt:2)
  8 wyvern skeletons (Crypt:3)
  2 scorpions (D:10)
  A snapping turtle simulacrum (Crypt:1)
  16 killer bees
  3 wights (D:6)
  2 electric eels (D:13)
  3 howler monkeys
  11 crimson imps
  2 human simulacra
  4 quasits
  A yaktaur simulacrum (Vaults:1)
  A black bear zombie (Crypt:1)
  4 centaur zombies
  2 giant frog zombies
  8 hounds
  41 jellies
  4 centaur skeletons
  35 orc priests
  2 giant frog skeletons
  A two-headed ogre skeleton (Crypt:1)
  7 iguanas
  35 orc wizards
  32 worker ants
  A felid zombie (Crypt:2)
  A killer bee zombie (D:10)
  27 sheep
  A sky beast zombie (Crypt:2)
  A hound zombie (D:10)
  A naga skeleton (Crypt:2)
  A hound skeleton (Crypt:2)
  A hell rat zombie (Crypt:1)
  A mummy (Tomb:1)
  A worker ant zombie (D:9)
  4 gnolls (D:4)
  10 adders
  68 river rats
  6 shadow imps
  A white imp (Abyss:3)
  22 oozes
  An adder skeleton (D:8)
  2 worms
  A dart slug (D:2)
  7 giant geckos
  95 orcs
  A ball python (D:4)
  4 bats
  9 giant cockroaches
  11 goblins
  7 hobgoblins
  14 jackals
  5 quokkas
  A giant gecko skeleton (D:8)
  A giant gecko zombie (D:6)
  4 giant newts
  A jackal skeleton (D:5)
  24 kobolds
  A quokka zombie (D:7)
  3 rats
  A spectral orc (D:8)
  A butterfly (D:6)
  A lost soul (Crypt:1)
  A withered plant (Crypt:3)
2516 creatures vanquished.

Vanquished Creatures (collateral kills)
  A juggernaut (Depths:4)
  Norris (Spider:3)
  5 caustic shrikes (Depths:4)
  3 golden dragons (Depths:4)
  A Tzitzimitl (Depths:3)
  A deep elf master archer (Elf:1)
  A titan (Depths:4)
  3 liches
  3 tentacled starspawn
  An acid blob (Slime:5)
  2 shadow dragons
  Roxanne (Swamp:2)
  A tengu reaver (Depths:5)
  An azure jelly (Slime:5)
  3 frost giants
  3 deep elf sorcerers
  Wiglaf (Spider:3)
  Aizul (Swamp:4)
  2 vault wardens
  Maud (Orc:1)
  An orc warlord (Orc:1)
  A balrug (Abyss:2)
  3 fire giants
  2 emperor scorpions (Spider:4)
  A draconian zealot (Depths:5)
  A juggernaut zombie (Depths:2)
  Louise (Swamp:3)
  2 ghouls (Crypt:3)
  A reaper (Depths:3)
  4 ironheart preservers
  10 very ugly things
  A spriggan defender (Depths:4)
  A salamander stormcaller (Depths:5)
  6 stone giants
  3 deep elf annihilators
  3 spark wasps
  2 eidola (Crypt:3)
  2 red draconians (Depths:5)
  A merfolk impaler (Depths:2)
  3 ettins
  4 deep elf high priests
  3 deep elf death magi
  A vault guard (Vaults:4)
  A mummy priest (Crypt:1)
  4 yaktaur captains
  4 entropy weavers
  4 great orbs of eyes
  2 jiangshi
  9 hydras
  4 ogre magi
  5 fire dragons
  An ice dragon (Depths:1)
  2 rakshasas
  A juggernaut simulacrum (Depths:4)
  A centaur warrior (Depths:3)
  4 spriggan air magi
  A death knight (D:14)
  3 alligators
  4 death yaks (Lair:8)
  4 deep troll earth magi
  2 deep troll shamans (Depths:2)
  3 tengu warriors
  7 thrashing horrors (Abyss:2)
  A titan zombie (Depths:3)
  An orc high priest (Orc:2)
  3 spriggan berserkers
  Nergalle (Orc:1)
  3 deep elf knights
  A sun demon (Orc:2)
  4 wizards
  A wretched star (Abyss:3)
  5 skeletal warriors
  A fire crab (shapeshifter) (D:15)
  A shadow wraith (Crypt:1)
  A salamander mystic (Depths:5)
  2 giant orange brains (Depths:2)
  An iron troll (Depths:2)
  2 spriggan druids (Swamp:2)
  5 hell knights (Depths:4)
  An infernal demonspawn (Orc:2)
  2 flayed ghosts (Depths:4)
  A swamp dragon (Swamp:4)
  12 deep trolls
  3 shambling mangroves
  A shadow dragon zombie (Crypt:3)
  2 deep elf archers
  2 ironbrand convokers (Vaults:4)
  4 necromancers
  A golden dragon skeleton (Depths:4)
  2 orc knights
  2 griffons
  An oklob plant (Lair:8)
  11 deep elf magi
  4 wolf spiders
  14 orb spiders
  2 orc sorcerers (Orc:2)
  A shining eye (Abyss:3)
  2 stone giant zombies
  A hornet (Swamp:4)
  3 worldbinders
  11 ugly things
  A fire giant zombie (Depths:2)
  A cyclops (D:14)
  A sixfirhy (Lair:8)
  A stone giant skeleton (Vaults:4)
  An apocalypse crab (Abyss:3)
  An elephant (Lair:6)
  3 salamanders (Depths:5)
  A black mamba (Lair:8)
  2 vault sentinels
  4 smoke demons
  4 spiny frogs
  A hellion (Abyss:2)
  An emperor scorpion zombie (Crypt:3)
  3 orange demons (Lair:8)
  4 kobold demonologists (D:15)
  A spriggan skeleton (Depths:3)
  A tormentor (Abyss:3)
  2 komodo dragons (Lair:4)
  2 ice devils (Lair:8)
  A rime drake (Lair:8)
  2 efreet
  18 yaktaurs
  5 demonic crawlers
  A tengu conjurer (Depths:4)
  2 red devils (Lair:8)
  A human skeleton (Vaults:4)
  7 jumping spiders
  A hydra zombie (Crypt:3)
  2 giant leeches
  A polar bear (shapeshifter) (Vaults:1)
  6 two-headed ogres
  2 blink frogs (shapeshifter)
  An ettin zombie (Crypt:3)
  A raiju (shapeshifter) (D:14)
  2 tengu simulacra (Depths:3)
  3 bog bodies
  14 slime creatures
  A fire giant simulacrum (Depths:3)
  8 flying skulls
  37 redbacks
  A shadow (Swamp:3)
  12 tarantellas
  6 spriggans
  A ynoxinul (Abyss:2)
  A redback (shapeshifter) (Abyss:2)
  2 wyverns (Depths:5)
  3 air elementals
  A fire elemental (Elf:2)
  6 water elementals
  2 fire bats
  5 yaks (Lair:4)
  A basilisk (shapeshifter) (Depths:4)
  4 neqoxecs
  2 hippogriffs
  2 mottled dragons (Depths:5)
  11 vampire mosquitoes
  5 insubstantial wisps
  3 swamp worms
  A water moccasin (Lair:8)
  A giant eyeball (Depths:4)
  A hell hound (Abyss:2)
  4 soldier ants (D:12)
  A porcupine (Lair:7)
  5 swamp drakes
  7 large abominations
  9 orc warriors
  An ice beast (Abyss:2)
  13 wasps
  20 ogres
  A crocodile (Lair:8)
  2 elf zombies
  An earth elemental (Elf:3)
  A giant frog (D:12)
  3 small abominations
  A snapping turtle simulacrum (Crypt:1)
  2 crimson imps
  A human simulacrum (Vaults:2)
  8 starcursed masses
  6 orc priests
  3 quasits
  An iguana (Lair:1)
  2 orc wizards
  2 worker ants (D:12)
  6 river rats (Lair:8)
  13 orcs
  6 kobolds
  3 fungi
  2 starspawn tentacles (Abyss:2)
  2 starspawn tentacle segments (Abyss:2)
623 creatures vanquished.

Vanquished Creatures (others)
  Nikola (Elf:2)
  A frost giant (Depths:3)
  A draconian knight (Depths:5)
  A deep elf elementalist (Elf:2)
  An ogre mage (Vaults:4)
  A deep elf knight (Vaults:2)
  2 wizards
  A harpy (Vaults:1)
  A deep elf archer (Elf:3)
  A large abomination (Abyss:3)
  An orb spider (Spider:4)
  2 deep elf magi (Elf:2)
  A sixfirhy (Abyss:2)
  An air elemental (Depths:5)
  A redback (Depths:3)
  A ynoxinul (Abyss:3)
  4 ogres
  3 small abominations
  A quasit (Elf:1)
  A jelly (shapeshifter) (Abyss:2)
  An ufetubus (Abyss:2)
  2 bushes
  2 fire vortices (Depths:5)
  71 fungi
  9 lost souls
  19 plants
  28 starspawn tentacles
  235 starspawn tentacle segments
  50 withered plants
444 creatures vanquished.

Grand Total: 3583 creatures vanquished

Notes
Turn   | Place    | Note
--------------------------------------------------------------
     0 | D:1      | seren the Ghoul Monk began the quest for the Orb.
     0 | D:1      | Reached XP level 1. HP: 19/19 MP: 0/0
   361 | D:1      | Reached XP level 2. HP: 18/26 MP: 1/1
   762 | D:1      | Reached XP level 3. HP: 32/33 MP: 2/2
  1153 | D:2      | Reached skill level 5 in Unarmed Combat
  1613 | D:2      | Found a sparkling altar of Nemelex Xobeh.
  1704 | D:2      | Reached XP level 4. HP: 41/41 MP: 3/3
  1889 | D:2      | Found a radiant altar of Vehumet.
  2394 | D:3      | Found a glowing silver altar of Zin.
  2805 | D:4      | Reached skill level 5 in Fighting
  2805 | D:4      | Reached XP level 5. HP: 41/48 MP: 4/4
  2927 | D:4      | Found an ancient bone altar of Kikubaaqudgha.
  2947 | D:4      | Became a worshipper of Kikubaaqudgha
  2947 | D:4      | Reached * piety under Kikubaaqudgha
  2947 | D:4      | Received a gift from Kikubaaqudgha
  2947 | D:4      | Reached ** piety under Kikubaaqudgha
  2948 | D:4      | Identified Kikubaaqudgha's Almanac of Stolen Souls (Kikubaaqudgha gifted it to you on level 4 of the Dungeon)
  3022 | D:4      | Found an oddly glowing altar of Pakellas.
  3076 | D:4      | Reached skill level 6 in Unarmed Combat
  3168 | D:4      | Reached XP level 6. HP: 53/56 MP: 5/5
  3491 | D:5      | Entered Level 5 of the Dungeon
  3545 | D:5      | Found an opulent altar of Gozag.
  3757 | D:5      | Noticed an ice beast
  3823 | D:5      | Noticed a phantom
  3922 | D:5      | Killed a phantom
  3922 | D:5      | Reached XP level 7. HP: 55/63 MP: 6/6
  4071 | D:4      | Reached skill level 7 in Unarmed Combat
  4537 | D:5      | Reached XP level 8. HP: 70/71 MP: 7/7
  5335 | D:6      | Reached skill level 1 in Spellcasting
  5502 | D:6      | Found a staircase to the Ecumenical Temple.
  5571 | D:6      | Reached skill level 1 in Armour
  5571 | D:6      | Reached skill level 1 in Necromancy
  5772 | D:6      | Reached *** piety under Kikubaaqudgha
  5772 | D:6      | Received a gift from Kikubaaqudgha
  5773 | D:6      | Identified Kikubaaqudgha's Incunabulum of Dark Arts (Kikubaaqudgha gifted it to you on level 6 of the Dungeon)
  6089 | Temple   | Entered the Ecumenical Temple
  6329 | D:7      | Reached skill level 5 in Dodging
  6705 | D:7      | Noticed Joseph
  6725 | D:7      | Killed Joseph
  6725 | D:7      | Reached skill level 8 in Unarmed Combat
  6725 | D:7      | Reached XP level 9. HP: 6/79 MP: 9/11
  7554 | D:7      | Found a shimmering altar of Xom.
  8054 | D:7      | Noticed Prince Ribbit
  8248 | D:8      | Noticed Yehuk's ghost (novice FoFi)
  8495 | D:8      | Reached skill level 1 in Evocations
  8619 | D:8      | Found a bloodstained altar of Trog.
  8892 | D:8      | Found Huekh's Armour Shoppe.
  9098 | D:8      | Killed Yehuk's ghost
  9398 | D:8      | Found a blossoming altar of Fedhas.
  9402 | D:8      | Found a basalt altar of Yredelemnul.
  9636 | D:8      | Got an ominously black robe
  9647 | D:8      | Identified the +0 robe "Xufeimekk" {+Inv rElec SInv} (You found it on level 8 of the Dungeon)
  9784 | D:8      | Got an encrusted scale mail
  9822 | D:8      | Identified the +7 scale mail of the Great Game {Int+7} (You took it off an orc on level 8 of the Dungeon)
  9860 | D:8      | Found a shadowy altar of Dithmenos.
  9898 | D:8      | Reached XP level 10. HP: 77/90 MP: 13/13
 10509 | D:9      | Reached skill level 9 in Unarmed Combat
 10538 | D:9      | Noticed a hill giant
 10792 | D:9      | Noticed mrath's ghost (novice MiFi)
 10952 | D:9      | Found Suuroed's Antique Weapon Shoppe.
 11189 | D:10     | Entered Level 10 of the Dungeon
 11352 | D:8      | Killed a hill giant
 11424 | D:8      | Upgraded the game from 0.19-a0-36-g4a0968a to 0.19-a0-45-g2c295ea
 11571 | D:9      | Reached **** piety under Kikubaaqudgha
 11612 | D:9      | Found a staircase to the Lair.
 11620 | Lair:1   | Entered Level 1 of the Lair of Beasts
 11651 | Lair:1   | Found a labyrinth entrance.
 12512 | Lair:1   | Reached skill level 5 in Necromancy
 12662 | Lair:1   | Found a shadowy altar of Dithmenos.
 12821 | Lair:1   | Reached XP level 11. HP: 97/97 MP: 14/14
 13624 | D:9      | Reached skill level 10 in Unarmed Combat
 14210 | Lair:2   | Reached skill level 5 in Armour
 15453 | Lair:2   | Learned a level 1 spell: Pain
 15648 | Lair:2   | Reached skill level 10 in Fighting
 15939 | Lair:3   | Reached skill level 11 in Unarmed Combat
 16592 | Lair:3   | Reached XP level 12. HP: 102/106 MP: 15/15
 16734 | Lair:3   | Reached ***** piety under Kikubaaqudgha
 17395 | Lair:4   | Learned a level 4 spell: Animate Dead
 17957 | Lair:4   | Reached skill level 12 in Unarmed Combat
 18909 | Lair:5   | Noticed a six-headed hydra
 19041 | Lair:5   | Killed a six-headed hydra
 20090 | Lair:6   | Found a hole to the Spider Nest.
 20117 | Lair:6   | Reached XP level 13. HP: 110/116 MP: 16/16
 20139 | Lair:6   | Found a staircase to the Swamp.
 20744 | Lair:5   | Reached skill level 13 in Unarmed Combat
 20952 | Lair:6   | Noticed a death cob
 20952 | Lair:6   | an oklob plant changed into a death cob
 21090 | Lair:6   | Learned a level 5 spell: Dispel Undead
 21206 | D:9      | Killed mrath's ghost
 24133 | Lair:8   | Entered Level 8 of the Lair of Beasts
 24380 | Lair:8   | Killed a death cob
 24976 | Lair:8   | Reached ****** piety under Kikubaaqudgha
 25425 | Lair:8   | Found a staircase to the Slime Pits.
 25425 | Lair:8   | Found a viscous altar of Jiyva.
 25878 | Lair:8   | Reached XP level 14. HP: 96/124 MP: 18/18
 26048 | Lair:8   | Reached skill level 5 in Stealth
 26258 | Lair:7   | Reached skill level 14 in Unarmed Combat
 26839 | Lair:6   | Upgraded the game from 0.19-a0-45-g2c295ea to 0.19-a0-49-gb8736b8
 28238 | D:4      | Received a gift from Kikubaaqudgha
 29514 | D:11     | Reached skill level 10 in Necromancy
 30157 | D:12     | Noticed Maurice
 30162 | D:12     | Killed Maurice
 30826 | D:12     | Reached skill level 10 in Dodging
 31274 | D:12     | Found a staircase to the Orcish Mines.
 31604 | D:12     | Reached skill level 5 in Spellcasting
 31831 | Orc:1    | Entered Level 1 of the Orcish Mines
 31835 | Orc:1    | Noticed an orc warlord
 31847 | Orc:1    | Killed an orc warlord
 32056 | Orc:1    | Noticed Fannar
 32073 | Orc:1    | Killed Fannar
 32134 | D:12     | Reached skill level 15 in Unarmed Combat
 32134 | D:12     | Reached XP level 15. HP: 100/134 MP: 21/21
 32408 | Orc:1    | Noticed Nergalle
 32518 | Orc:1    | Found a roughly hewn altar of Beogh.
 32873 | Orc:1    | Killed Nergalle
 32987 | Orc:2    | Entered Level 2 of the Orcish Mines
 33252 | Orc:1    | Found Moqemy's Magic Scroll Boutique.
 33252 | Orc:1    | Noticed Maud
 33269 | Orc:1    | Killed Maud
 33395 | Orc:1    | Found a shimmering altar of Xom.
 33568 | Orc:2    | Found Pueh's General Store.
 33578 | Orc:2    | Bought a scroll of blinking for 97 gold pieces
 34941 | Orc:2    | Found Irhoruaq's Distillery.
 34990 | Orc:2    | Found Funyfera's Magic Scroll Emporium.
 36262 | Orc:2    | Found a staircase to the Elven Halls.
 36619 | Orc:2    | Paralysed by an orc sorcerer for 2 turns
 37317 | Orc:2    | Paralysed by an orc sorcerer for 2 turns
 37721 | Orc:2    | Found Raesuowk's Antique Armour Shop.
 37721 | Orc:2    | Found a one-way gate leading to the halls of Pandemonium.
 37721 | Orc:2    | Found Biteomn's Gadget Boutique.
 37764 | Orc:2    | Bought a creamy pearl robe for 193 gold pieces
 37764 | Orc:2    | Bought a turquoise-encrusted leather armour for 238 gold pieces
 37774 | Orc:2    | Identified the +4 leather armour of the Moneychanger {rF+} (You bought it in a shop on level 2 of the Orcish Mines)
 37794 | Orc:2    | Identified the +0 robe of Minor Irritation {rElec} (You bought it in a shop on level 2 of the Orcish Mines)
 37939 | Orc:2    | Noticed an orc warlord
 38044 | Orc:1    | Bought 2 scrolls of identify for 64 gold pieces
 38253 | Lair:1   | Learned a level 3 spell: Vampiric Draining
 38362 | Swamp:1  | Entered Level 1 of the Swamp
 40398 | D:13     | Noticed Azrael
 40543 | D:13     | Reached skill level 1 in Shields
 40873 | D:13     | Killed Azrael
 41256 | D:13     | Reached skill level 16 in Unarmed Combat
 41683 | D:13     | Reached XP level 16. HP: 141/141 MP: 24/24
 43713 | D:14     | Noticed a tengu reaver
 43908 | D:14     | Killed a tengu reaver
 44154 | D:14     | Found a shattered altar of Ashenzari.
 45524 | D:14     | Found a gate to the Vaults.
 45664 | D:15     | Entered Level 15 of the Dungeon
 45831 | D:15     | Found a staircase to the Depths.
 47202 | Lair:6   | Reached skill level 10 in Armour
 47841 | Swamp:2  | Noticed Roxanne
 48202 | Swamp:2  | Reached skill level 17 in Unarmed Combat
 48529 | Swamp:2  | Reached XP level 17. HP: 122/149 MP: 15/26
 48866 | Swamp:2  | Got a fine flail
 48868 | Swamp:2  | Identified the cursed +3 flail "Kaco" {drain, SInv} (You found it on level 2 of the Swamp)
 48952 | Swamp:2  | Killed Roxanne
 49737 | Swamp:2  | Got a translucent long sword {speed}
 49787 | Swamp:2  | Identified the cursed +0 long sword of Interdependent Arising {speed, Dex+3} (You took it off a spriggan berserker on level 2 of the Swamp)
 49923 | Swamp:3  | Noticed Louise
 50817 | Swamp:4  | Entered Level 4 of the Swamp
 51395 | Swamp:3  | Killed Louise
 52215 | Swamp:4  | Noticed Aizul
 52662 | Swamp:4  | Got a decaying rune of Zot
 52690 | Swamp:4  | Killed Aizul
 52758 | Swamp:4  | Reached skill level 18 in Unarmed Combat
 53745 | D:7      | Killed Prince Ribbit
 53980 | Spider:1 | Entered Level 1 of the Spider Nest
 53983 | Spider:1 | Noticed magipi's ghost (journeyman TrEn)
 53990 | Spider:1 | Killed magipi's ghost
 54437 | Spider:1 | Reached XP level 18. HP: 104/157 MP: 1/29
 55004 | Spider:2 | Learned a level 6 spell: Death Channel
 55871 | Spider:2 | Upgraded the game from 0.19-a0-49-gb8736b8 to 0.19-a0-53-ge6e6435
 56410 | Spider:3 | Noticed Donald
 56438 | Spider:3 | Killed Donald
 56540 | Spider:3 | Noticed Wiglaf
 56596 | Spider:3 | Killed Wiglaf
 56802 | Spider:3 | Noticed Norris
 57754 | Spider:3 | Killed Norris
 58038 | Spider:4 | Entered Level 4 of the Spider Nest
 58696 | Spider:4 | Reached skill level 5 in Evocations
 59229 | Spider:4 | Reached skill level 19 in Unarmed Combat
 59870 | Spider:4 | Got a gossamer rune of Zot
 61002 | Vaults:1 | Entered Level 1 of the Vaults
 61491 | Vaults:1 | Reached XP level 19. HP: 152/163 MP: 31/31
 61540 | Vaults:1 | Found Ahinekk's Weapon Emporium.
 62784 | Vaults:1 | Upgraded the game from 0.19-a0-53-ge6e6435 to 0.19-a0-61-g4dc4c6e
 63113 | Vaults:1 | Found Hemy's Armour Shoppe.
 63837 | Orc:1    | Bought a scroll of enchant armour for 120 gold pieces
 63942 | Orc:2    | Bought a scroll of enchant armour for 127 gold pieces
 63942 | Orc:2    | Bought a scroll of identify for 34 gold pieces
 63942 | Orc:2    | Bought a scroll of teleportation for 51 gold pieces
 64638 | Vaults:1 | Reached skill level 20 in Unarmed Combat
 64958 | Vaults:1 | Found Nimolig's Antique Weapon Emporium.
 67352 | Vaults:2 | Reached XP level 20. HP: 137/173 MP: 32/32
 69430 | Vaults:3 | Got a scintillating iron ring
 69432 | Vaults:3 | Identified the ring of Leulor {Dex+2 Stlth-} (You found it on level 3 of the Vaults)
 69473 | Vaults:3 | Found an ancient bone altar of Kikubaaqudgha.
 69698 | Vaults:3 | Found a staircase to the Crypt.
 69698 | Vaults:3 | Found a basalt altar of Yredelemnul.
 69699 | Vaults:3 | Found an ancient bone altar of Kikubaaqudgha.
 70870 | Vaults:4 | Reached skill level 15 in Necromancy
 71016 | Vaults:4 | Upgraded the game from 0.19-a0-61-g4dc4c6e to 0.19-a0-75-g99403da
 71480 | Vaults:4 | Reached skill level 15 in Fighting
 72418 | Vaults:4 | Got a shimmering leather armour
 72429 | Vaults:4 | Identified the +3 leather armour of the Shore {rElec Stlth+} (You found it on level 4 of the Vaults)
 72709 | Vaults:4 | Reached XP level 21. HP: 165/184 MP: 33/33
 73364 | Lair:8   | Found a burning altar of Makhleb.
 73435 | Lair:8   | Found a gateway to Hell.
 73444 | Lair:8   | Got a bloodstained scale mail
 73460 | Lair:8   | Identified the +1 scale mail "Usapesau" {Int+2} (You found it on level 8 of the Lair of Beasts)
 73724 | Lair:1   | Found a shadowy altar of Dithmenos.
 74062 | Orc:1    | Bought a scroll of teleportation for 48 gold pieces
 74062 | Orc:1    | Bought a scroll of fog for 32 gold pieces
 74062 | Orc:1    | Bought a scroll of fog for 32 gold pieces
 74169 | Elf:1    | Entered Level 1 of the Elven Halls
 74282 | Elf:1    | Found a huge runed gate.
 74282 | Elf:1    | Found a huge runed gate.
 74282 | Elf:1    | Found a huge runed gate.
 74282 | Elf:1    | Found a huge runed gate.
 74283 | Elf:1    | Found a huge runed gate.
 74284 | Elf:1    | Found a huge runed gate.
 74286 | Elf:1    | Found a huge runed gate.
 74449 | Elf:1    | Learned a level 5 spell: Cigotuvi's Embrace
 75147 | Elf:1    | Identified the Volume of Unholy Rituals
 76298 | Elf:1    | Cast into level 2 of the Abyss (a deep elf sorcerer)
 76426 | Abyss:2  | Found a corrupted altar of Lugonu.
 77108 | Elf:1    | Escaped the Abyss
 77951 | Lair:1   | Learned a level 6 spell: Simulacrum
 78194 | Depths:1 | Entered Level 1 of the Depths
 78911 | D:15     | Found Jiskuoc's Food Emporium.
 79308 | Depths:1 | Noticed ololoev's ghost (journeyman MiFi)
 79327 | Depths:1 | Killed ololoev's ghost
 79607 | Depths:1 | Found a gateway to a ziggurat.
 80226 | Depths:2 | Noticed ololoev's ghost (adept MiFi)
 80497 | Depths:2 | Reached XP level 22. HP: 190/199 MP: 28/34
 80976 | Depths:2 | Paralysed by a lich for 5 turns
 81324 | Depths:2 | Reached skill level 1 in Ice Magic
 81759 | Depths:2 | Killed ololoev's ghost
 81802 | Depths:2 | Cast into level 2 of the Abyss (an ogre mage)
 81803 | Abyss:2  | Upgraded the game from 0.19-a0-75-g99403da to 0.19-a0-76-g295c512
 82247 | Depths:2 | Escaped the Abyss
 82737 | Depths:2 | Got a thick robe
 82750 | Depths:2 | Identified the +2 robe of Dishonesty {rPois rN+ MR+ Dex+3} (You took it off an ogre mage on level 2 of the Depths)
 83850 | Elf:2    | Noticed Nikola
 84571 | Crypt:1  | Entered Level 1 of the Crypt
 84789 | Vaults:3 | Reached skill level 5 in Ice Magic
 85232 | Crypt:1  | Reached skill level 10 in Spellcasting
 85353 | Crypt:1  | Got a glittering silver ring
 85361 | Crypt:1  | Identified the ring "Uxzue" {Wiz rElec rPois Int+2 SInv} (You found it on level 1 of the Crypt)
 85682 | Crypt:1  | Reached XP level 23. HP: 189/211 MP: 36/36
 85804 | Crypt:1  | Noticed Sojobo
 86297 | Lair:1   | Learned a level 2 spell: Swiftness
 86931 | Elf:2    | Killed Nikola
 86993 | Elf:2    | Found a runed gate.
 86995 | Elf:2    | Found a runed gate.
 86997 | Elf:2    | Found a runed gate.
 87836 | Elf:2    | Found Erchie's Book Boutique.
 87845 | Elf:2    | Bought a book of Death for 910 gold pieces
 87851 | Elf:2    | Learned a level 5 spell: Agony
 87976 | Elf:2    | Got a heavily runed scale mail
 88064 | Elf:1    | Identified the +0 scale mail of Vehumet's Displeasure {+Inv Regen+ Str+6} (You found it on level 2 of the Elven Halls)
 88184 | Elf:2    | Noticed Asterion
 88251 | Elf:2    | Killed Asterion
 89344 | Elf:3    | Entered Level 3 of the Elven Halls
 89532 | Elf:3    | Found Ustos's Antique Weapon Emporium.
 90314 | Elf:3    | Cast into level 3 of the Abyss (a deep elf sorcerer)
 90365 | Abyss:3  | Found an opulent altar of Gozag.
 90372 | Abyss:3  | Found a shattered altar of Ashenzari.
 90459 | Abyss:3  | Reached skill level 1 in Charms
 90493 | Abyss:3  | Reached skill level 1 in Air Magic
 90668 | Abyss:3  | Found an oddly glowing altar of Pakellas.
 90806 | Elf:3    | Escaped the Abyss
 90831 | Elf:3    | Cast into level 2 of the Abyss (a deep elf sorcerer)
 90925 | Elf:3    | Escaped the Abyss
 91497 | Crypt:1  | Killed Sojobo
 91772 | Crypt:1  | Identified the Grimoire of Stolen Souls
 92376 | Crypt:2  | Reached skill level 5 in Charms
 92411 | Crypt:2  | Noticed Xtahua
 92667 | Crypt:2  | Killed Xtahua
 92755 | Crypt:2  | Reached skill level 5 in Air Magic
 92898 | Crypt:2  | Reached XP level 24. HP: 190/222 MP: 37/37
 93390 | Lair:1   | Learned a level 2 spell: Repel Missiles
 93589 | Elf:2    | Bought a book of Minor Magic for 260 gold pieces
 93594 | Elf:2    | Learned a level 2 spell: Blink
 94289 | Crypt:3  | Entered Level 3 of the Crypt
 94499 | Crypt:3  | Reached skill level 1 in Translocations
 94507 | Crypt:3  | Got a glittering granite ring
 94507 | Crypt:3  | Got a scorched glass ring
 94507 | Crypt:3  | Got a smoking bronze ring
 94547 | Crypt:2  | Identified the ring "Abrofemp" {rN+ Dex+5} (You found it on level 3 of the Crypt)
 94549 | Crypt:2  | Identified the ring of the Traitor {rN+ Int+4 SInv} (You found it on level 3 of the Crypt)
 94551 | Crypt:2  | Identified the ring "Qifoty" {rC+ rN+ Str+4 Int-4} (You found it on level 3 of the Crypt)
 94725 | Crypt:3  | Noticed Jorgrun
 94742 | Crypt:3  | Killed Jorgrun
 95221 | Crypt:3  | Found a basalt altar of Yredelemnul.
 95583 | Crypt:3  | Noticed Mara
 95734 | Crypt:3  | Noticed seren's illusion
 97350 | Depths:2 | Reached skill level 10 in Ice Magic
 97636 | Depths:3 | Got a clouded bronze ring
 97702 | Depths:3 | Found an ancient bone altar of Kikubaaqudgha.
 98105 | Depths:3 | Identified the ring "Fomom" {rPois Str+3} (You found it on level 3 of the Depths)
 98869 | Depths:3 | Found Xaruewn's Assorted Antiques.
 98878 | Depths:3 | Bought a scroll of blinking for 172 gold pieces
 98878 | Depths:3 | Bought a scroll of remove curse for 69 gold pieces
 99762 | Depths:3 | Got a slimy lead amulet
 99881 | Depths:3 | Reached skill level 21 in Unarmed Combat
100460 | Lair:1   | Identified the amulet of Intercession {Reflect rF- rC+ Dex+9 SH+4} (You found it on level 3 of the Depths)
100678 | Depths:1 | Reached XP level 25. HP: 206/233 MP: 38/38
101435 | Depths:4 | Found a one-way gate to the infinite horrors of the Abyss.
101652 | Depths:4 | Upgraded the game from 0.19-a0-76-g295c512 to 0.19-a0-78-g674c7a4
102124 | Depths:4 | Noticed Mennas
102147 | Depths:4 | Killed Mennas
102315 | Depths:4 | Noticed a juggernaut
102322 | Depths:4 | Killed a juggernaut
103312 | Depths:5 | Entered Level 5 of the Depths
103345 | Depths:5 | Found Vineahos's Assorted Antiques.
103373 | Depths:5 | Bought a scroll of identify for 44 gold pieces
103373 | Depths:5 | Bought a vibrating glass ring for 110 gold pieces
103373 | Depths:5 | Bought a scroll of summoning for 209 gold pieces
103373 | Depths:5 | Bought a scroll of blinking for 165 gold pieces
103374 | Depths:5 | Identified the ring of Amorality {Wiz rC++} (You bought it in a shop on level 5 of the Depths)
103562 | Depths:5 | Upgraded the game from 0.19-a0-78-g674c7a4 to 0.19-a0-82-gd3566c2
104016 | Depths:5 | Found a glowing golden altar of the Shining One.
104057 | Depths:5 | Reached skill level 22 in Unarmed Combat
104527 | Depths:5 | Reached XP level 26. HP: 155/245 MP: 32/38
104558 | Depths:5 | Found a gate to the Realm of Zot.
105441 | Lair:1   | Learned a level 1 spell: Apportation
106229 | Elf:3    | Upgraded the game from 0.19-a0-82-gd3566c2 to 0.19-a0-97-g21dea92
106242 | Elf:3    | Got a faintly glowing emerald amulet
106256 | Elf:3    | Identified the amulet "Xecur" {-Tele +Rage Str+4} (You took it off a deep elf demonologist on level 3 of the Elven Halls)
106308 | Elf:3    | Got an ivory spear {drain}
106423 | Elf:3    | Got a twitching steel ring
106973 | Elf:3    | Identified the cursed +1 spear of Destruction {drain, +Rage} (You took it off a deep elf death mage on level 3 of the Elven Halls)
107056 | Elf:3    | Identified the ring "Polygim" {SustAt rF+ rN+} (You took it off a deep elf sorcerer on level 3 of the Elven Halls)
107124 | Elf:3    | Identified Wylair's Incunabulum of Dark Arts and Moulding
107131 | Elf:3    | Identified the Papyrus of the Voyage and Stolen Souls
107273 | Elf:3    | Got a wavering bone ring
107406 | Elf:2    | Bought Raomalaps's Guide on Glacial Good Luck for 845 gold pieces
107439 | Elf:2    | Learned a level 6 spell: Ozocubu's Refrigeration
107440 | Elf:2    | Identified the ring of Ucsoveh {MR+ Str+4 Dex+3} (You took it off a deep elf mage on level 3 of the Elven Halls)
108262 | Crypt:3  | Found a staircase to the Tomb.
108348 | Tomb:1   | Entered Level 1 of the Tomb of the Ancients
108724 | Crypt:3  | Noticed seren's illusion
108773 | Crypt:3  | Killed Mara
109240 | Crypt:3  | Identified the Papyrus of Excruciating Cold
109254 | Crypt:3  | Identified a +5 rod of clouds (12/12) (You found it on level 3 of the Crypt)
109783 | Crypt:3  | Reached skill level 23 in Unarmed Combat
110084 | Crypt:3  | Got a transparent chain mail
110098 | Crypt:3  | Identified the +4 chain mail "Yhev Taxuho" {-Cast rC+ MR+ Slay+3} (You found it on level 3 of the Crypt)
110684 | Tomb:1   | Upgraded the game from 0.19-a0-97-g21dea92 to 0.19-a0-139-gefc6d61
111593 | Slime:1  | Entered Level 1 of the Pits of Slime
112566 | Slime:2  | Found a viscous altar of Jiyva.
114504 | Slime:4  | Reached XP level 27. HP: 199/254 MP: 38/38
115692 | Slime:4  | Reached skill level 5 in Shields
116734 | Slime:6  | Entered Level 6 of the Pits of Slime
118390 | Slime:6  | Reached skill level 24 in Unarmed Combat
118529 | Slime:6  | Noticed the Royal Jelly
119629 | Slime:6  | HP: 8/259 [acid[the Royal Jelly] (7)]
119630 | Slime:6  | Splashed by an acid blob's acid

Vault maps used:
D:1:      co_arrival_random_square_maze
D:2:      nicolae_overflow_crystal_walls, vehumet_crystals, minmay_fountain_box,
          minmay_misc_feat_room
D:3:      lemuel_doored_altar
D:4:      grunt_pakellas_sulfur, kiku_gazebo_pond_becter, first_bread
D:5:      nicolae_gozag_seed_capital
D:6:      minmay_temple_entry_butterflies
D:7:      overflow_temple_1_default, uniq_prince_ribbit1, uniq_joseph
D:8:      kennysheep_little_box, yredelemnul_forgotten_temple_becter,
          lemuel_crystal_altar, lemuel_crystal_altar, serial_shops,
          kennysheep_mini
D:9:      nicolae_ru_the_path_less_chosen, dpeg_oklobed_lair, serial_shops, shop
D:10:     hangedman_little_slice_of_home, grunt_ministairs_14
D:12:     orc_0_dummy, minivault_29, uniq_maurice
D:13:     uniq_azrael
D:14:     minmay_octo_star, david_vaults_4, nicolae_ashenzari_panopticon,
          kennysheep_flooded_box
D:15:     hangedman_depths_entry_try_elsewhere_first, minmay_misc_feat_encased,
          serial_shops, shop, nicolae_benzene_ring
Temple:   minmay_temple_bridge_a_8
Lair:1:   basic_altar, lab_entry_generic
Lair:2:   serial_bayou_pond_a, grunt_megastairs_3
Lair:3:   small_statue_intersection, serial_bayou_pond_b
Lair:4:   nicolae_volcano_entry_vermiform, grunt_megastairs_4,
          infiniplex_staircase_pool
Lair:5:   infiniplex_staircase_pool_2, serial_bayou_shore_b
Lair:6:   lemuel_slime, minmay_swamp_entry_worms, spider_nest_entry_web_field
Lair:8:   evil_forest, slime_altar_1, lemuel_fruit_fields
Swamp:1:  evilmike_swamp_ruin_house_6, kb_tengu_band
Swamp:2:  cheibrodos_swamp_heart_of_darkness, evilmike_swamp_ruin_house_4,
          uniq_roxanne
Swamp:3:  nicolae_swamp_trees_clearing, uniq_louise
Swamp:4:  swamp, uniq_aizul
Spider:3: uniq_norris, uniq_donald, uniq_wiglaf
Spider:4: guppyfry_spider_rune, spider_trap, nicolae_orb_island
Slime:1:  nicolae_slime_barrier, nicolae_slime_phagocytosis
Slime:2:  basic_altar
Slime:4:  cheibrodos_slime_lost_civilization_5
Orc:1:    orc_temple, basic_altar, serial_shops, shop, uniq_fannar,
          uniq_nergalle, uniq_maud
Orc:2:    pf_orc_diabolical, serial_shops, shop
Elf:1:    eino_elf_arrival_shootout, minmay_elf_necromancy, door_vault
Elf:2:    serial_shops, shop, wad_floor_pattern_untrapped, uniq_asterion,
          uniq_nikola
Elf:3:    minmay_elf_hall_quartered_circle, serial_shops,
          nicolae_shop_overgrown_old_shop
Vaults:1: v_rooms_4, vaults_room_grunt_arrival_ludios, hangedman_vaults_stagger,
          hangedman_vaults_pinch, ontoclasm_vaults_tryst, v_misc_32, v_misc_2,
          vaults_dpeg_spiral, grunt_vaults_focal, v_misc_25, serial_shops, shop,
          shop, shop
Vaults:2: v_misc_12, v_pattern_1, v_rooms_3, hangedman_vaults_stitches,
          vaults_room_ringed_pool, vaults_mumra_hexcomb,
          hangedman_vaults_stretched_pinwheel, vaults_dpeg_ring,
          nicolae_vaults_little_squares_6, vaults_room_fours
Vaults:3: v_rooms_1, nicolae_vaults_little_ls, minmay_crypt_entry_necro_gods,
          nicolae_vaults_three_branches, v_misc_8, ontoclasm_vaults_ligature,
          grunt_vaults_hallway_long, nicolae_vaults_circle_grid_a,
          hangedman_vaults_cutoff, ontoclasm_vaults_claustrophobia,
          nicolae_vaults_mini_display_case, vaults_room_stairs_pillars,
          grunt_vaults_hallway_short, nicolae_vaults_little_squares_1,
          basic_altar
Vaults:4: ontoclasm_vaults_twist, vaults_room_pool, v_misc_27,
          nicolae_vaults_arrows, nicolae_vaults_puzzle_piece, vaults_room_fours,
          nicolae_vaults_alarming, v_rooms_4
Crypt:1:  special_room, due_unseen_surprise, uniq_sojobo
Crypt:2:  minmay_misc_feat_rows, hex_tiny, minigarden_bobbens, uniq_xtahua
Crypt:3:  evilmike_haunted_forest, uniq_mara, uniq_jorgrun
Depths:1: enter_ziggurat_c, hell_entry, minmay_misc_feat_nine_boxes,
          minmay_strange_pillars, kennysheep_generic_room_12
Depths:2: four-leaf_vault, grunt_mini_vestibule, minmay_misc_feat_plants,
          minmay_staircase_bubble
Depths:3: evilmike_negative_zone, minmay_misc_feat_chi, hellmouth_1, pan_entry,
          serial_shops, shop, kennysheep_nondescript
Depths:4: grunt_runaround, abyss_entry, pan_entry, hell_entry, uniq_mennas
Depths:5: evilmike_zot_entry_gauntlet, grunt_decor_one_mirror, serial_shops,
          shop_statue, hell_entry, tso_metal_star
Abyss:2:  evilmike_abyss_exit_7
Abyss:3:  evilmike_abyss_exit_mutagenic

Skill      XL: |  1  2  3  4  5  6  7  8  9 10 11 12 13 14 15 16 17 18 19 20 21 22 23 24 25 26 27 |
---------------+----------------------------------------------------------------------------------+-----
Fighting       | 4 5 6 7 8 9 10 11 12 13 15 17 18 19 20 21 22 23 | 23.5
Unarmed Combat | 5 6 7 8 9 11 12 13 15 16 17 18 19 20 21 22 23 24 | 24.0
Dodging        | 3 4 5 6 7 8 9 10 11 12 13 | 13.3
Spellcasting   | 2 3 5 6 7 8 9 10 11 12 | 12.7
Armour         | 2 3 4 5 7 8 9 10 11 12 13 | 13.1
Necromancy     | 2 3 5 6 8 9 10 11 12 13 14 15 17 18 | 18.6
Evocations     | 2 3 4 5 6 |  6.2
Stealth        | 4 6 |  6.0
Shields        | 1 4 6 |  6.0
Ice Magic      | 6 8 10 12 13 | 13.4
Charms         | 5 |  5.0
Air Magic      | 5 |  5.0
Translocations | 2 3 |  3.3

Action                   |  1- 3 |  4- 6 |  7- 9 | 10-12 | 13-15 | 16-18 | 19-21 | 22-24 | 25-27 || total
-------------------------+-------+-------+-------+-------+-------+-------+-------+-------+-------++-------
Melee: Unarmed           |   123 |   188 |   442 |   929 |  2090 |  1951 |  2176 |  2667 |  2241 || 12807
       Punch             |     1 |     1 |    19 |    52 |   152 |       |       |       |       ||   225
       Staff             |       |       |       |       |       |       |    10 |       |       ||    10
 Fire: Blowgun           |       |       |     5 |       |       |     3 |       |       |       ||     8
Throw: Throwing net      |       |       |     2 |       |       |       |       |       |       ||     2
 Cast: Pain              |       |       |       |    10 |       |       |       |     1 |       ||    11
       Animate Dead      |       |       |       |     8 |    65 |   140 |    89 |    56 |    45 ||   403
       Dispel Undead     |       |       |       |       |       |    27 |    29 |    55 |     9 ||   120
       Vampiric Draining |       |       |       |       |       |     6 |    12 |     6 |     5 ||    29
       Death Channel     |       |       |       |       |       |       |    22 |    40 |    39 ||   101
       Cigotuvi's Embrac |       |       |       |       |       |       |     5 |     6 |     1 ||    12
       Agony             |       |       |       |       |       |       |       |    16 |     4 ||    20
       Swiftness         |       |       |       |       |       |       |       |     3 |       ||     3
       Repel Missiles    |       |       |       |       |       |       |       |     7 |     7 ||    14
       Simulacrum        |       |       |       |       |       |       |       |       |     2 ||     2
       Ozocubu's Refrige |       |       |       |       |       |       |       |       |     1 ||     1
       Blink             |       |       |       |       |       |       |       |       |     1 ||     1
Invok: Receive Corpses   |       |       |     1 |     2 |    42 |    62 |    45 |    27 |    21 ||   200
       Receive Necronomi |       |       |       |       |     1 |       |       |       |       ||     1
       Torment           |       |       |       |       |       |     2 |       |       |     5 ||     7
Evoke: Wand              |       |       |     5 |    11 |     9 |    10 |    12 |     7 |    15 ||    69
       Fan of gales      |       |       |       |       |       |     1 |       |     1 |       ||     2
       Phial of floods   |       |       |       |       |       |       |       |     1 |       ||     1
       Box of beasts     |       |       |       |       |       |       |       |       |     1 ||     1
  Use: Scroll            |       |     4 |     6 |    18 |    19 |    18 |    15 |    14 |    14 ||   108
       Potion            |       |       |     2 |     4 |     9 |     9 |    10 |     7 |     4 ||    45
 Stab: Sleeping          |     5 |     5 |     1 |     4 |    15 |     3 |     4 |     1 |     4 ||    42
       Confused          |       |       |     2 |       |       |       |       |       |       ||     2
       Distracted        |       |       |       |     3 |     9 |    27 |    20 |    24 |    30 ||   113
       Invisible         |       |       |       |       |       |     1 |       |       |       ||     1
  Eat: Chunk             |    21 |    36 |    52 |   156 |   229 |   173 |   194 |   139 |   160 ||  1160
       Meat ration       |       |       |     1 |       |     1 |       |     1 |     1 |     2 ||     6
       Royal jelly       |       |       |       |       |       |     6 |     1 |     4 |       ||    11
       Beef jerky        |       |       |       |       |       |       |       |     1 |       ||     1
Armor: Robe              |    16 |       |       |       |       |       |       |     1 |       ||    17
       Leather armour    |    11 |    33 |    88 |   218 |   477 |   470 |    52 |       |       ||  1349
       Pearl dragon armo |       |       |       |       |       |       |   640 |  1215 |   749 ||  2604
       Fire dragon armou |       |       |       |       |       |       |       |       |    94 ||    94
Dodge: Dodged            |    53 |    87 |   195 |   607 |  1544 |  1486 |  1353 |  1651 |  1125 ||  8101
       Deflected         |       |       |       |       |       |       |       |    19 |    22 ||    41
Block: Buckler           |       |       |       |       |     1 |   551 |   448 |   589 |   491 ||  2080
       Reflection        |       |       |       |       |       |       |       |    18 |    12 ||    30
